 Dungeon Crawl Stone Soup version bcrawl-1.35.5c (webtiles) character file.

Game seed: 2689408257640874088

126670 Danton1414 the Grave Robber (level 4, 0/30 HPs)
             Began as a Demonspawn Necromancer on Mar 19, 2022.
             Was a Follower of Lugonu.
             Succumbed to an adder's poison
             ... on level 3 of the Dungeon on Mar 20, 2022.
             The game lasted 00:15:57 (2544 turns).

Danton1414 the Grave Robber (DsNe)                  Turns: 2544, Time: 00:15:58

Health: 0/30       AC:  2    Str:  8    XL:     4   Next: 82%
Magic:  1/8        EV: 12    Int: 18    God:    Lugonu [*.....]
Gold:   179        SH:  0    Dex: 13    Spells: 3/9 levels left

rFire    . . .     SeeInvis .   h - +1 whip (drain)
rCold    . . .     Gourm    .   (no shield)
rNeg     . . .     Faith    .   b - +0 robe
rPois    .         Spirit   .   (helmet restricted)
rElec    .         Reflect  .   (no cloak)
rCorr    .                      (no gloves)
MR       .....                  (no boots)
Stlth    ++........             (no amulet)
HPRegen  0.10/turn              (no ring)
MPRegen  0.11/turn              (no ring)

@: lethally poisoned (0 -> -3)
A: antennae 1
a: Depart the Abyss, Bend Space, Renounce Religion


You were on level 3 of the Dungeon.
You worshipped Lugonu.
Lugonu was aware of your devotion.
You were not hungry.

You visited 1 branch of the dungeon, and saw 3 of its levels.

You collected 179 gold pieces.

Inventory:

Hand Weapons
 a - a +1 dagger
 h - a +1 whip of draining (weapon)
Missiles
 d - 177 arrows
 g - 179 bolts
Armour
 b - a +0 robe (worn)
Wands
 f - a wand of iceblast (11)
Scrolls
 c - a scroll of fog {unknown}
 i - a scroll of identify
 l - a scroll of enchant armour {unknown}
 n - 3 scrolls of remove curse {unknown}
 p - 2 scrolls of noise {unknown}
 u - a scroll of magic mapping {unknown}
Potions
 k - a potion of cancellation
 o - a potion of invisibility {unknown}
 q - a potion of lignification {unknown}
 r - a potion of haste {unknown}
 s - a potion of resistance {unknown}
 t - a potion of flight {unknown}
Comestibles
 e - 4 rations {!d}
 m - 8 chunks of flesh


   Skills:
 + Level 0.1 Short Blades
 + Level 0.6 Maces & Flails
 + Level 2.2 Dodging
 + Level 2.2 Stealth
 + Level 3.3 Spellcasting
 + Level 5.3 Necromancy


You had 3 spell levels left.
You knew the following spells:

 Your Spells              Type           Power        Failure   Level  Hunger
a - Pain                  Necr           ###...       1%          1    None
b - Animate Skeleton      Necr           N/A          1%          1    None
c - Agony                 Necr           ###.....     17%         4    #####..

Your spell library contained the following spells:

 Spells                   Type           Power        Failure   Level  Hunger
 Vampiric Draining        Necr           ###.......   5%          3    ####...
 Animate Dead             Necr           N/A          17%         4    #####..
 Dispel Undead            Necr           ###.....     43%         5    ######.


Dungeon Overview and Level Annotations

Branches:
Dungeon (3/12)

Altars:
Lugonu
Qazlal


Innate Abilities, Weirdness & Mutations

You have a pair of small antennae on your head.


Message History

* * * LOW HITPOINT WARNING * * *
The ooze hits you but does no damage. The adder bites you.
* * * LOW HITPOINT WARNING * * *
You barely miss the adder.
The adder is moderately wounded.
* * * LOW HITPOINT WARNING * * *
You feel sick. The ooze barely misses you. The adder misses you.
The ooze hits you.
* * * LOW HITPOINT WARNING * * *
You hit the adder but do no damage. You drain the adder.
The adder is heavily wounded.
The adder barely misses you. The adder bites you but does no damage.
The ooze closely misses you.
You barely miss the adder.
The adder is heavily wounded.
The adder barely misses you. The ooze barely misses you.
You hit the adder. You drain the adder.
You kill the adder!
Lugonu accepts your kill.
You die...

####.##### #. #........# ###.#
### #.##.###........ ..#
#.##.###.#.# #.###.#
##........#.# #..##.#
##...#Z###.#.###...#.##.....(...
......................+........
##...#Z###.#.#.#.J.#.##......[.
##....Z...#.#.#@.##.# #......
####.###.#.#.#.###.####..... #.#
#.........).%.......# #.#
###.)...###.######.†# #.#
#.#.#.###.######))# #.#
#.#...........##..# #.#
#.###.###.###.##..# #. #.# #.#
#w###.#...## #.. ..#
#....w.....#


You could see an ooze.

Vanquished Creatures
  4 adders (D:3)
  2 worms (D:2)
  3 dart slugs
  5 leopard geckos
  5 orcs
  A ball python (D:1)
  4 bats
  A giant cockroach (D:1)
  5 goblins
  6 hobgoblins
  16 kobolds
  2 frilled lizards
  5 rats
59 creatures vanquished.

Vanquished Creatures (collateral kills)
  An adder (D:3)
  2 leopard geckos (D:1)
  A bat (D:2)
  A goblin (D:1)
5 creatures vanquished.

Grand Total: 64 creatures vanquished

Notes
Turn   | Place    | Note
-------+----------+-------------------------------------------
     0 | D:1      | Danton1414 the Demonspawn Necromancer began the quest for
                  | the Orb.
     0 | D:1      | Reached XP level 1. HP: 13/13 MP: 3/3
   237 | D:1      | Gained mutation: You have a pair of small antennae on your
                  | head. [demonic ancestry]
   237 | D:1      | Reached XP level 2. HP: 10/19 MP: 0/5
   834 | D:1      | Reached XP level 3. HP: 23/24 MP: 4/6
  1237 | D:2      | Reached skill level 5 in Necromancy
  1482 | D:2      | Found a stormy altar of Qazlal.
  1953 | D:2      | Found a corrupted altar of Lugonu.
  1961 | D:2      | Became a worshipper of Lugonu the Unformed
  2001 | D:3      | Reached XP level 4. HP: 17/30 MP: 6/8
  2041 | D:3      | Learned a level 4 spell: Agony
  2541 | D:3      | HP: 1/30 [ooze (1)]
  2544 | D:3      | Succumbed to an adder's poison

Skill      XL: |  1  2  3  4 |
---------------+-------------+-----
Necromancy     | 5 |  5.3
Dodging        | 2 |  2.2
Spellcasting   | 3 |  3.3
Short Blades   | |  0.1
Maces & Flails | |  0.6
Stealth        | |  2.2

Action                   |  1- 3 |  4- 6 || total
-------------------------+-------+-------++-------
Melee: Dagger            |    28 |       ||    28
       Whip              |    40 |    21 ||    61
 Cast: Pain              |    46 |    38 ||    84
       Animate Skeleton  |    14 |     6 ||    20
       Agony             |       |     1 ||     1
  Use: Scroll            |       |     2 ||     2
       Potion            |       |     2 ||     2
 Stab: Sleeping          |     3 |       ||     3
       Distracted        |     1 |       ||     1
  Eat: Chunk             |     3 |       ||     3
       Ration            |     1 |     1 ||     2
Armor: Robe              |    19 |     5 ||    24
Dodge: Dodged            |    58 |    27 ||    85
